 Dungeon Crawl Stone Soup version 0.22-a0-407-gb098539 (webtiles) character file.

16 dstrtnsr the Chopper (level 2, 0/27 HPs)
             Began as a Hill Orc Berserker on May 9, 2018.
             Was a Follower of Trog.
             Succumbed to a kobold's poison
             ... on level 1 of the Dungeon.
             The game lasted 00:00:18 (143 turns).

dstrtnsr the Chopper (Hill Orc Berserker)            Turns: 143, Time: 00:00:18

Health: 0/27       AC:  2    Str: 19    XL:     2   Next: 58%
Magic:  2/2        EV: 12    Int:  7    God:    Trog [*.....]
Gold:   13         SH:  0    Dex: 10    Spells: 1/1 levels left

rFire    . . .     SeeInvis .   a - +0 hand axe
rCold    . . .     Gourm    .   (no shield)
rNeg     . . .     Faith    .   b - +0 animal skin
rPois    .         Spirit   .   (no helmet)
rElec    .         Reflect  .   (no cloak)
rCorr    .         Harm     .   (no gloves)
MR       .....                  (no boots)
Stlth    +.........             (no amulet)
HPRegen  0.09/turn              (no ring)
MPRegen  0.08/turn              (no ring)

@: lethally poisoned (0 -> -5), berserk cooldown, slowed, very slow
A: no striking features
a: Berserk, Renounce Religion


You were on level 1 of the Dungeon.
You worshipped Trog.
Trog was aware of your devotion.
You were not hungry.

You visited 1 branch of the dungeon, and saw 1 of its levels.

You collected 13 gold pieces.

Inventory:

Hand Weapons
 a - a +0 hand axe (weapon)
Armour
 b - a +0 animal skin (worn)
Scrolls
 d - a scroll of remove curse {unknown}
Comestibles
 c - 3 chunks of flesh
 e - a ration {!d}


   Skills:
 + Level 4.0 Fighting
 * Level 4.8 Axes
 - Level 2.1 Armour
 - Level 1.5 Dodging


You had one spell level left.
You didn't know any spells.

Dungeon Overview and Level Annotations

Branches:
Dungeon (1/15)

Altars:


Message History

You slash the jackal!
You kill the jackal!
Trog accepts your kill.
You hit the hobgoblin. You barely miss the jackal. You closely miss the jackal.
The jackal bites you. The jackal closely misses you.
The kobold throws a stone.
The stone misses you. The hobgoblin closely misses you.
The jackal barely misses you. x2
There are monsters nearby!
You hit the hobgoblin.
You kill the hobgoblin!
Trog accepts your kill.
You barely miss the jackal. You closely miss the jackal.
The jackal bites you. x2
The kobold throws a stone.
The stone closely misses you.
You barely miss the jackal.
The jackal is severely wounded.
You hit the jackal. The jackal barely misses you. The jackal bites you. x2
The jackal misses you.
You hit the jackal.
You kill the jackal!
Trog accepts your kill.
You hit the jackal but do no damage.
The jackal bites you but does no damage.
There are monsters nearby!
A red film seems to cover your vision as you go berserk!
You feel yourself moving faster!
You feel mighty!
You feel a lot more hungry. The jackal barely misses you.
You hit the jackal.
You kill the jackal!
Trog accepts your kill.
Your Fighting skill increases to level 4!
Found a scroll labeled UCYUDD TACIACY.
You miss the kobold.
The kobold hits you with a dagger of venom.
You are poisoned.
You closely miss the kobold.
You feel sick.
The kobold hits you with a dagger of venom.
You are more poisoned.
You slash the kobold!
You kill the kobold!
Trog accepts your kill.
You feel sick.
No target in view!
No target in view!
Unknown command.
No target in view!
You feel sick.
You feel a strong urge to attack something.
Calm down first, please.
Calm down first, please.
You start resting.
You are no longer berserk.
You are exhausted.
You feel yourself slow down.
You feel sick.
There is a lethal amount of poison in your body!
There is a lethal amount of poison in your body!
There is a lethal amount of poison in your body!
There is a lethal amount of poison in your body!
There is a lethal amount of poison in your body!
There is a lethal amount of poison in your body!
There is a lethal amount of poison in your body!
There is a lethal amount of poison in your body!
There is a lethal amount of poison in your body!
There is a lethal amount of poison in your body!
There is a lethal amount of poison in your body!
There is a lethal amount of poison in your body!
You are too injured to fight recklessly!
There is a lethal amount of poison in your body!
You are too injured to fight recklessly!
There is a lethal amount of poison in your body!
* * * LOW HITPOINT WARNING * * *
You feel sick.
There is a lethal amount of poison in your body!
* * * LOW HITPOINT WARNING * * *
You feel sick.
There is a lethal amount of poison in your body!
* * * LOW HITPOINT WARNING * * *
You feel sick.
* * * LOW HITPOINT WARNING * * *
You feel sick.
* * * LOW HITPOINT WARNING * * *
You feel sick.
There is a lethal amount of poison in your body!
There is a lethal amount of poison in your body!
There is a lethal amount of poison in your body!
There is a lethal amount of poison in your body!
You aren't carrying any potions.
Unknown command.
You aren't carrying any potions.
There is a lethal amount of poison in your body!
* * * LOW HITPOINT WARNING * * *
You feel sick.
A kobold comes into view.
There is a lethal amount of poison in your body!
* * * LOW HITPOINT WARNING * * *
You feel sick.
There is a lethal amount of poison in your body!
* * * LOW HITPOINT WARNING * * *
You feel sick.
There is a lethal amount of poison in your body!
You die...

.....## #####........
#.............#.........
.........##.............
.$.......##...#..(......
.........##...##........
..............##........
?........#....####..).#.
.......†)%......##......
......K@(##...#.........
......)†......#...#..###
.........###..###.#..###
......)..# ##...........
#.......## ##......#...
.......## ##.........
...........####.........
........................
....##...(.......


You could see a kobold.

Vanquished Creatures
  A dart slug (D:1)
  A leopard gecko (D:1)
  A bat (D:1)
  A goblin (D:1)
  A hobgoblin (D:1)
  4 jackals (D:1)
  A kobold (D:1)
  A frilled lizard (D:1)
11 creatures vanquished.

Notes
Turn   | Place    | Note
-------+----------+-------------------------------------------
     0 | D:1      | dstrtnsr the Hill Orc Berserker began the quest for the Orb.
     0 | D:1      | Reached XP level 1. HP: 19/19 MP: 1/1
    96 | D:1      | Reached XP level 2. HP: 26/27 MP: 2/2
   129 | D:1      | HP: 16/40 [poisoned by a kobold]
   134 | D:1      | HP: 8/27 [poisoned by a kobold]
   138 | D:1      | HP: 3/27 [poisoned by a kobold]
   141 | D:1      | HP: 1/27 [poisoned by a kobold]
   143 | D:1      | Succumbed to a kobold's poison

Vault maps used:
D:1:      lightli_arrival_maybe_door_vault, corner_web_ring, minmay_heptomino_l4

Skill      XL: |  1  2 |
---------------+-------+-----
Fighting       | 4 |  4.0
Axes           | |  4.8
Armour         | |  2.1
Dodging        | |  1.5

Action                   || total
-------------------------++-------
Melee: Hand axe          ||    27
Invok: Berserk           ||     1
Armor: Animal skin       ||     9
Dodge: Dodged            ||    29

Table legend:
 A = Spawn XP
 B = Non-spawn XP
 C = Spawn XP percentage of total XP
 D = Spawn monster count
 E = Non-spawn monster count
 F = Spawn count percentage of total count
 G = Total turns spent on level
                    A         B        C        D         E        F      G
               +---------+---------+-------+---------+---------+-------+---------
         Total |       0 |      24 |   0.0 |       0 |      11 |   0.0 |   143
               +---------+---------+-------+---------+---------+-------+---------
           D:1 |       0 |      24 |   0.0 |       0 |      11 |   0.0 |   143
               +---------+---------+-------+---------+---------+-------+---------
